 Dungeon Crawl Stone Soup version 0.29-a0-322-g68df515428 (webtiles) character file.

Game seed: 4466363951462494207

37566 croobank the Messiah (level 13, -10/183 HPs)
             Began as a Hill Orc Fighter on Apr 9, 2022.
             Was the Champion of Beogh.
             Frozen to death by Psyclone's ghost (12 damage)
             ... on level 11 of the Dungeon.
             The game lasted 01:19:14 (20943 turns).

croobank the Messiah (Hill Orc Fighter)            Turns: 20943, Time: 01:19:15

Health: -10/183    AC: 31    Str: 24    XL:     13   Next: 97%
Magic:  22/22      EV:  7    Int: 10    God:    Beogh [******]
Gold:   986        SH:  0    Dex: 10    Spells: 12/12 levels left

rFire   . . .      SeeInvis +   f - +1 battleaxe (flame)
rCold   . . .      Faith    .   (shield currently unavailable)
rNeg    . . .      Spirit   .   P - +6 plate armour
rPois   .          Reflect  .   i - +0 helmet
rElec   .          Harm     .   (no cloak)
rCorr   .          Rampage  .   h - +0 pair of gloves
Will    .....                   N - +1 pair of boots
Stlth   ..........              s - amulet of the acrobat
HPRegen 0.40/turn               A - ring of see invisible
MPRegen 0.18/turn               t - +4 ring of protection

@: berserking (expiring), studying Staves, very quick
A: walk on water, talons 1, clever 1, subdued magic 1
a: Renounce Religion, Smiting, Recall Orcish Followers, Give Item to Named
Follower, Resurrection


You were on level 11 of the Dungeon.
You worshipped Beogh.
Beogh was exalted by your worship.
You visited 2 branches of the dungeon, and saw 17 of its levels.
You also visited: Volcano.

You collected 1584 gold pieces.
You spent 598 gold pieces at shops.

Inventory:

Hand Weapons
 a - a +1 war axe of freezing
 b - a +2 hunting sling of freezing
 d - the +7 long sword of Upheaval {pain, rPois rF+ Int+2 SInv}
   (You found it on level 10 of the Dungeon)

   In the hands of one skilled in necromantic magic, it inflicts extra damage on
   living creatures.
   Int:       It affects your intelligence (+2).
   rF:        It protects you from fire.
   rPois:     It protects you from poison.
   SInv:      It lets you see invisible.
 f - a +1 battleaxe of flaming (weapon)
 u - a +1 vampiric hand axe
 C - a +4 scimitar of venom
 K - a +0 dire flail of venom
 Z - a +2 demon trident of venom
Missiles
 e - 627 stones
 g - 14 boomerangs
 l - 9 javelins
 I - 5 curare-tipped darts (quivered)
 L - 7 atropa-tipped darts
Armour
 h - a +0 pair of gloves (worn)
 i - a +0 helmet (worn)
 F - a +2 chain mail of poison resistance
 J - a +2 chain mail of fire resistance
 M - a +0 kite shield
 N - a +1 pair of boots (worn)
 P - a +6 plate armour (worn)
 W - the +4 robe of Bellicose Freedom {Fly rCorr Str+3}
   (You found it on level 2 of the Lair of Beasts)

   Str:       It affects your strength (+3).
   Fly:       It grants you flight.
   rCorr:     It protects you from acid and corrosion.
Jewellery
 j - a +6 ring of dexterity
 n - a ring of protection from fire
 s - an amulet of the acrobat (around neck)
 t - a +4 ring of protection (right hand)
 w - a +4 ring of evasion
 A - a ring of see invisible (left hand)
 B - a ring of ice
 H - a ring of positive energy
 Q - an amulet of magic regeneration
 U - a ring of ice
 V - a ring of flight
Wands
 z - a wand of acid (10)
 G - a wand of paralysis (2)
 S - a wand of iceblast (22)
 T - a wand of flame (16)
 Y - a wand of polymorph (2)
Scrolls
 r - 5 scrolls of blinking
 v - a scroll of identify
 y - 7 scrolls of teleportation
 E - a scroll of summoning
 X - a scroll of magic mapping
Potions
 c - 3 potions of flight
 k - a potion of ambrosia
 m - 3 potions of curing
 o - a potion of cancellation
 p - 3 potions of lignification
 q - 4 potions of mutation
 x - 3 potions of brilliance
 D - 3 potions of haste
 O - a potion of berserk rage
 R - a potion of might


   Skills:
 + Level 13.0 Fighting
 - Level 9.2 Long Blades
 + Level 11.5 Axes
 + Level 11.9 Armour
 + Level 11.9 Shields
 + Level 13.1 Invocations


You had 12 spell levels left.
You didn't know any spells.
Your spell library contained the following spells:

 Spells                   Type           Power      Damage    Failure   Level
 Apportation              Tloc           0%         N/A       98%         1
 Magic Dart               Conj           0%         1d3       98%         1
 Shock                    Conj/Air       0%         1d3       98%         1
 Corpse Rot               Necr/Air       0%         N/A       99%         2
 Scorch                   Fire           0%         2d5       99%         2
 Searing Ray              Conj           0%         2d4       99%         2
 Call Canine Familiar     Summ           0%         N/A       100%        3
 Frozen Ramparts          Ice            0%         1d2       100%        3
 Portal Projectile        Hex/Tloc       0%         N/A       100%        3
 Swiftness                Air            0%         N/A       100%        3
 Airstrike                Air            0%         N/A       100%        4
 Dispel Undead            Necr           0%         3d6       100%        4
 Flame Wave               Conj/Fire      0%         2d4       100%        4
 Fulminant Prism          Conj/Hex       0%         3d6       100%        4
 Ice Form                 Ice/Tmut       0%         N/A       100%        4
 Leda's Liquefaction      Hex/Erth       0%         N/A       100%        4
 Summon Ice Beast         Ice/Summ       0%         N/A       100%        4
 Alistair's Intoxication  Tmut/Pois      0%         N/A       100%        5
 Blade Hands              Tmut           0%         N/A       100%        5
 Excruciating Wounds      Necr           0%         N/A       100%        5
 Fireball                 Conj/Fire      0%         3d3       100%        5
 Death Channel            Necr           0%         N/A       100%        6
 Starburst                Conj/Fire      0%         6d3       100%        6
 Summon Cactus Giant      Summ           0%         N/A       100%        6
 Ignition                 Fire           0%         3d3       100%        8


Dungeon Overview and Level Annotations

Branches:
Dungeon (11/15)            Temple (0/1) D:6            Lair (6/6) D:10
 Shoals (0/4) Lair:2       Spider (0/4) Lair:3        Slime (0/5) Lair:5
Volcano (visited)
    Orc: D:9-12

Altars:
Ashenzari
Cheibriados
Dithmenos
Fedhas
Kikubaaqudgha
Nemelex Xobeh
Ru
Trog
Uskayaw
Xom
Jiyva

Shops:
D:9 [

Annotations:
D:10 3 runed translucent doors, ziggurnaut's ghost, novice FeBe
D:11 Psyclone's ghost, journeyman OpIE
Lair:4 3 runed translucent doors, Dobruq's ghost, journeyman OgTm; Xutikh's ghost, journeyman SpCA


Innate Abilities, Weirdness & Mutations

You can walk on water.
You have sharp toenails.
Your mind is acute. (Int +2)
Your spells are a little easier to cast, but a little less powerful.


Message History

You are frozen!!
* * * LOW HITPOINT WARNING * * *
Your orc priest barely misses Psyclone's ghost.
Ugbert completely misses Psyclone's ghost.
You completely miss Psyclone's ghost.
Psyclone's ghost is severely damaged.
Your orc priest no longer looks unusually strong.
Psyclone's ghost freezes you.
You are frozen!
* * * LOW HITPOINT WARNING * * *
Your orc priest closely misses Psyclone's ghost.
Ugbert misses Psyclone's ghost.
You are too berserk!
Okay, then.
You closely miss Psyclone's ghost.
Psyclone's ghost is severely damaged.
Psyclone's ghost freezes you.
You are frozen!
* * * LOW HITPOINT WARNING * * *
Your orc priest completely misses Psyclone's ghost.
Ugbert roars a battlecry!
Your orc priest goes into a battle-frenzy!
You completely miss Psyclone's ghost.
Psyclone's ghost is severely damaged.
Psyclone's ghost hits you but does no damage.
Your orc priest completely misses Psyclone's ghost.
Ugbert closely misses Psyclone's ghost.
You miss Psyclone's ghost.
Psyclone's ghost is severely damaged.
You closely miss Psyclone's ghost.
Psyclone's ghost is severely damaged.
Psyclone's ghost hits you but does no damage.
Your orc priest closely misses Psyclone's ghost.
Ugbert closely misses Psyclone's ghost.
You completely miss Psyclone's ghost.
Psyclone's ghost is severely damaged.
Psyclone's ghost ducks and says, "Too high!"
Psyclone's ghost freezes you.
You are frozen!
You die...

############
#..........#
#..........#
#...^......#
#..........#
#..........#
#.oo@......#
###W##.....#
#$=.#.....#
#♣8♣#.....#####
#########.........#
#......#####......#
#......### ##.....#
#........# ##....##
#......#.#
#.....#####


You could see Psyclone's ghost (ally target), the friendly Ugbert the orc
warlord and a friendly orc priest (strong).

Vanquished Creatures
  A hydra (Lair:6)
  A boulder beetle (Lair:2)
  A centaur warrior (Volcano)
  A catoblepas (Lair:6)
  5 death yaks (Lair:6)
  A manticore (D:11)
  A black mamba (Lair:2)
  3 elephants (Lair:4)
  3 cane toads
  3 yaktaurs (Volcano)
  Psyche (D:9)
  3 rime drakes
  3 komodo dragons
  A polar bear (Lair:5)
  2 trolls
  5 dream sheep
  A slime creature (Lair:5)
  Sigmund (D:3)
  A vampire (D:7)
  A culicivora (Lair:3)
  3 wyverns
  A wraith (D:11)
  31 yaks
  A steam dragon (D:8)
  4 water moccasins
  3 black bears
  3 orc warriors (D:7)
  2 sky beasts
  An ice beast (D:6)
  2 wolves (Lair:6)
  6 centaurs
  2 ogres
  A kobold brigand (D:8)
  9 bullfrogs
  3 gnoll sergeants (D:8)
  3 scorpions
  3 wights
  2 killer bees (D:10)
  A howler monkey (D:9)
  2 jellies (D:9)
  2 orc priests
  4 gnoll shamans
  5 hounds
  An iguana (D:4)
  Jessica (D:2)
  8 orc wizards
  A hell rat (D:10)
  14 gnolls
  4 adders
  A shadow imp (D:8)
  3 white imps
  2 ufetubi
  3 worms (D:4)
  3 dart slugs
  21 orcs
  2 ball pythons
  7 bats
  2 endoplasms
  4 giant cockroaches
  13 goblins
  13 hobgoblins
  3 jackals (D:4)
  17 kobolds
  A quokka (D:10)
  A frilled lizard (D:2)
  3 rats
261 creatures vanquished.

Vanquished Creatures (collateral kills)
  Fannar (Lair:3)
  A boulder beetle (D:10)
  3 hydras
  A death knight (D:11)
  A deep troll shaman (Lair:6)
  6 death yaks
  Urug (Lair:5)
  A hell knight (Volcano)
  6 elephants
  4 black mambas
  2 cane toads
  10 komodo dragons
  A kobold demonologist (D:11)
  4 rime drakes
  7 polar bears
  A slime creature (Lair:5)
  Prince Ribbit (Lair:2)
  8 blink frogs
  6 dream sheep
  3 culicivoras (Lair:3)
  3 wyverns
  A vampire (D:10)
  19 yaks
  5 basilisks
  2 vampire mosquitoes (D:10)
  8 water moccasins
  3 orc warriors
  2 black bears
  An ogre (D:9)
  A wolf (Lair:6)
  A centaur (Volcano)
  A kobold brigand (D:9)
  6 bullfrogs
  A scorpion (Lair:2)
  A killer bee (D:10)
  2 howler monkeys (D:9)
  4 jellies
  3 hell rats (D:10)
  2 river rats (D:10)
  A dart slug (D:9)
  7 orcs (D:9)
  A goblin (D:8)
  4 kobolds (D:9)
  A quokka (D:10)
148 creatures vanquished.

Vanquished Creatures (others)
  An orc knight (Lair:3)
  An orc priest (Lair:4)
  2 orc warriors
  18 orcs
  An orc wizard (D:10)
  18 fungi
  57 plants
98 creatures vanquished.

Grand Total: 507 creatures vanquished

Notes
Turn   | Place    | Note
-------+----------+-------------------------------------------
     0 | D:1      | croobank the Hill Orc Fighter began the quest for the Orb.
     0 | D:1      | Reached XP level 1. HP: 19/19 MP: 1/1
   277 | D:1      | Reached XP level 2. HP: 27/27 MP: 2/2
   634 | D:1      | Found a faded altar of an unknown god.
   728 | D:1      | Reached XP level 3. HP: 31/33 MP: 3/3
  1547 | D:2      | Noticed Jessica
  1554 | D:2      | Killed Jessica
  1555 | D:2      | Reached XP level 4. HP: 41/41 MP: 4/4
  2189 | D:3      | Became a worshipper of Beogh the Brigand
  2678 | D:3      | Noticed Sigmund
  2697 | D:3      | Killed Sigmund
  2698 | D:3      | Reached XP level 5. HP: 41/47 MP: 4/6
  2698 | D:3      | Reached XP level 6. HP: 48/55 MP: 4/7
  3028 | D:4      | Reached skill level 5 in Fighting
  3052 | D:4      | Reached * piety under Beogh
  3511 | D:4      | Noticed a black bear
  3529 | D:4      | Killed a black bear
  3596 | D:4      | Found a shimmering altar of Xom.
  3597 | D:4      | Found a broken altar of Ashenzari.
  3598 | D:4      | Found a shadowy altar of Dithmenos.
  3599 | D:4      | Found a sacrificial altar of Ru.
  3651 | D:5      | Entered Level 5 of the Dungeon
  3662 | D:5      | Reached skill level 5 in Axes
  3662 | D:5      | Reached XP level 7. HP: 61/61 MP: 9/9
  3683 | D:5      | Reached skill level 5 in Armour
  3683 | D:5      | Reached skill level 5 in Shields
  4829 | D:4      | Found a hide-covered altar of Uskayaw.
  4985 | D:6      | Reached XP level 8. HP: 30/68 MP: 11/11
  5179 | D:6      | Noticed a yak
  5181 | D:6      | Noticed a yak
  5186 | D:6      | Noticed a yak
  5187 | D:6      | Noticed a yak
  5188 | D:6      | Killed a yak
  5200 | D:6      | HP: 3/71 [yak (13)]
  5556 | D:5      | Killed a yak
  5557 | D:5      | Reached skill level 5 in Invocations
  5704 | D:5      | Killed a yak
  5706 | D:5      | Killed a yak
  5888 | D:6      | Found a staircase to the Ecumenical Temple.
  6024 | D:6      | Reached XP level 9. HP: 77/79 MP: 13/13
  6686 | D:7      | Reached ** piety under Beogh
  7089 | D:7      | Found a sparkling altar of Nemelex Xobeh.
  7122 | D:7      | Found a blossoming altar of Fedhas.
  7567 | D:7      | Found an ancient bone altar of Kikubaaqudgha.
  7980 | D:8      | Reached XP level 10. HP: 56/89 MP: 15/15
  8404 | D:8      | Reached *** piety under Beogh
  9484 | D:8      | Found a bloodstained altar of Trog.
 10048 | D:9      | Reached **** piety under Beogh
 10164 | D:9      | Found Siesesh's Antique Armour Shoppe.
 10170 | D:9      | Bought a glowing plate armour for 598 gold pieces
 10254 | D:9      | Found a snail-covered altar of Cheibriados.
 10382 | D:9      | Found a viscous altar of Jiyva.
 10559 | D:9      | Reached skill level 10 in Axes
 10619 | D:9      | Noticed Psyche
 10634 | D:9      | Killed Psyche
 10635 | D:9      | Reached XP level 11. HP: 35/99 MP: 17/17
 11565 | D:10     | Entered Level 10 of the Dungeon
 11591 | D:10     | Noticed a death yak
 11596 | D:10     | Noticed a death yak
 11601 | D:10     | Noticed a death yak
 11604 | D:10     | Killed a death yak
 11608 | D:10     | Killed a death yak
 11612 | D:10     | Killed a death yak
 11613 | D:10     | Reached skill level 10 in Fighting
 11623 | D:10     | Found a staircase to the Lair.
 11643 | D:10     | Identified the +7 long sword of Upheaval {pain, rPois rF+
                  | Int+2 SInv}
 11888 | D:10     | Reached skill level 1 in Long Blades
 11983 | D:10     | Found a runed translucent gate.
 11983 | D:10     | Found a runed translucent gate.
 11983 | D:10     | Found a runed translucent gate.
 11983 | D:10     | Noticed ziggurnaut's ghost (novice FeBe)
 12194 | D:11     | Noticed a boulder beetle
 12202 | D:10     | Killed a boulder beetle
 12234 | Lair:1   | Entered Level 1 of the Lair of Beasts
 12329 | Lair:1   | Found a dark tunnel.
 12369 | Volcano  | Entered a volcano
 12385 | Volcano  | Noticed a centaur warrior
 12390 | Volcano  | Found a burning altar of Makhleb.
 12408 | Volcano  | Reached skill level 10 in Invocations
 12415 | Volcano  | Noticed a hell knight
 12422 | Volcano  | Killed a centaur warrior
 12446 | Volcano  | Killed a hell knight
 12446 | Volcano  | Reached ***** piety under Beogh
 13566 | Lair:1   | Reached skill level 5 in Long Blades
 13566 | Lair:1   | Reached XP level 12. HP: 108/108 MP: 19/19
 13685 | Lair:2   | Noticed Prince Ribbit
 13691 | Lair:2   | Killed Prince Ribbit
 13756 | Lair:2   | Found a staircase to the Shoals.
 13793 | Lair:2   | Noticed a seven-headed hydra
 13801 | Lair:2   | Killed a five-headed hydra
 13802 | Lair:2   | Reached skill level 10 in Armour
 13802 | Lair:2   | Reached skill level 10 in Shields
 13989 | Lair:2   | Noticed a five-headed hydra
 13997 | Lair:2   | Killed a two-headed hydra
 14558 | Lair:2   | Noticed a death yak
 14567 | Lair:2   | Killed a death yak
 14719 | Lair:2   | Noticed a death yak
 14728 | Lair:2   | Killed a death yak
 14760 | Lair:2   | Noticed a boulder beetle
 14768 | Lair:2   | Killed a boulder beetle
 14774 | Lair:2   | Identified the +4 robe of Bellicose Freedom {Fly rCorr
                  | Str+3}
 15151 | Lair:3   | Gained Ugbert as an ally
 15415 | Lair:3   | Found a hole to the Spider Nest.
 15604 | Lair:3   | Noticed Fannar
 15615 | Lair:3   | Killed Fannar
 16836 | Lair:4   | Reached XP level 13. HP: 75/117 MP: 21/21
 17127 | Lair:4   | Found a runed translucent gate.
 17127 | Lair:4   | Found a runed translucent gate.
 17127 | Lair:4   | Found a runed translucent gate.
 17130 | Lair:4   | Noticed Xutikh's ghost (journeyman SpCA)
 17130 | Lair:4   | Noticed Dobruq's ghost (journeyman OgTm)
 17634 | Lair:5   | Found a staircase to the Slime Pits.
 18026 | Lair:5   | Noticed Urug
 18035 | Lair:5   | Killed Urug
 18899 | Lair:6   | Entered Level 6 of the Lair of Beasts
 19371 | Lair:6   | Reached ****** piety under Beogh
 20389 | D:11     | Gained mutation: You have sharp toenails. [potion of
                  | mutation]
 20389 | D:11     | Gained mutation: Your spells are a little easier to cast,
                  | but a little less powerful. [potion of mutation]
 20389 | D:11     | Gained mutation: Your mind is acute. (Int +2) [potion of
                  | mutation]
 20919 | D:11     | Found a runed translucent door.
 20919 | D:11     | Noticed Psyclone's ghost (journeyman OpIE)
 20938 | D:11     | HP: 7/183 [frozen (11)]
 20939 | D:11     | HP: 1/183 [frozen (7)]
 20943 | D:11     | Frozen to death by Psyclone's ghost

Illustrated notes

Levels and vault maps discovered:
D:1:      ebering_hopf_link, layout_basic,
          hellmonk_ecumenical_altar_leap_of_faith, minmay_split_cup_large
D:2:      layout_basic, mrwooster_statue_mirror, uniq_jessica
D:3:      corexii_shack_village, layout_basic, uniq_sigmund
D:4:      layout_rooms, nicolae_overflow_hidden_temple,
          mainiacjoe_overflow_alcove_3
D:5:      layout_basic, kennysheep_nondescript
D:6:      layout_loops_ring, minmay_temple_entry_wispy
D:7:      layout_loops_ring, nicolae_kikubaaqudgha_miasma_corner,
          mainiacjoe_overflow_24_doors, nemelex_dance_club_becter
D:8:      kennysheep_housing_project, layout_cave_pools, amcnicky_altar_gilded,
          enter_bailey_5
D:9:      layout_small_grid, kennysheep_slug_shrine, serial_shops, shop,
          serial_rivers, chequers_serial_rivers_room_b,
          chequers_serial_rivers_small_b, chequers_serial_rivers_room_b,
          chequers_serial_rivers_small_3, chequers_serial_rivers_small_3,
          chequers_serial_rivers_marsh, special_room [special_room_orc],
          jiyva_altar_1, uniq_psyche
D:10:     layout_cave_pools, dpeg_lair_monsters, gammafunk_ghost_necromancy
D:11:     layout_rooms, gammafunk_ghost_grave
Lair:1:   layout_gridlike, nicolae_volcano_entry_two_sided,
          infiniplex_staircase_pool, grunt_megastairs_1
Lair:2:   layout_regular_city, shoals_dummy_entry, minmay_shattered_shrine,
          grunt_megastairs_2, uniq_prince_ribbit2
Lair:3:   layout_chaotic_city, hellmonk_spider_entry_life_and_decay,
          infiniplex_staircase_pool_2, uniq_fannar
Lair:4:   layout_loops_ring, gammafunk_ghost_cemetery, beast_lair_carwin_6
Lair:5:   layout_misc_corridors, minmay_slime_entry_pillars, grunt_megastairs_4,
          uniq_urug
Lair:6:   grunt_lair_end_beastmaster, layout_hall_layers, serial_bayou_shore_a

Skill      XL: |  1  2  3  4  5  6  7  8  9 10 11 12 13 |
---------------+----------------------------------------+-----
Axes           | 3 4 5 7 8 10 11 | 11.5
Fighting       | 4 5 6 7 8 9 10 11 13 | 13.0
Armour         | 4 5 6 7 8 9 10 11 | 11.9
Shields        | 4 5 6 7 8 9 10 11 | 11.9
Invocations    | 2 3 4 5 7 9 10 11 13 | 13.1
Long Blades    | 5 8 9 |  9.2

Action                   |  1- 3 |  4- 6 |  7- 9 | 10-12 | 13-15 || total
-------------------------+-------+-------+-------+-------+-------++-------
Melee: War axe           |    75 |    22 |   192 |   231 |    23 ||   543
       Hand axe          |       |    88 |    79 |       |       ||   167
       Spear             |       |       |   121 |   120 |       ||   241
       Unarmed           |       |       |       |     9 |       ||     9
       Battleaxe         |       |       |       |   134 |   132 ||   266
       Long sword        |       |       |       |       |    63 ||    63
       Punch             |       |       |       |       |     1 ||     1
Throw: Dart              |       |     8 |    10 |    10 |     1 ||    29
       Stone             |       |       |       |     1 |       ||     1
Invok: Convert to Beogh  |       |     1 |       |       |       ||     1
       Give Item to Name |       |       |       |     1 |       ||     1
Evoke: Wand              |       |       |     2 |     4 |     2 ||     8
  Use: Scroll            |     8 |     5 |     5 |    13 |     9 ||    40
       Potion            |       |       |     4 |     6 |     2 ||    12
 Stab: Paralysed         |       |       |     5 |       |       ||     5
       Invisible         |       |       |     1 |       |       ||     1
       Distracted        |       |       |       |     3 |     4 ||     7
       Petrified         |       |       |       |       |     4 ||     4
Armor: Scale mail        |    43 |    76 |    18 |       |       ||   137
       Chain mail        |       |       |   277 |   173 |       ||   450
       Plate armour      |       |       |       |   216 |   200 ||   416
Dodge: Dodged            |    53 |    41 |   150 |   256 |   134 ||   634
Block: Buckler           |    22 |    23 |   113 |    47 |       ||   205
       Kite shield       |       |       |       |   139 |       ||   139

Table legend: (Time is in decaauts)
 A = Elapsed time spent in this place.
 B = Non-inter-level travel time spent in this place.
 C = Inter-level travel time spent in this place.
 D = Time resting spent in this place.
 E = Time spent auto-exploring this place.
 F = Levels seen in this place.
 G = Mean time per level.
                   A        B        C        D        E       F      G
               +--------+--------+--------+--------+--------+-----+--------+
         Total |  21104 |  20403 |    701 |   3454 |  12440 |  18 | 1172.4 |
       Dungeon |  12950 |  12442 |    508 |   2454 |   6910 |  11 | 1177.3 |
          Lair |   7758 |   7566 |    192 |    781 |   5530 |   6 | 1293.0 |
       Volcano |    396 |    396 |      0 |    219 |      0 |   1 |  396.0 |
               +--------+--------+--------+--------+--------+-----+--------+

Top non-repeatable levels by time:
     D:8: 1666 daAuts
     D:7: 1622 daAuts
     D:9: 1578 daAuts
     D:5: 1467 daAuts
  Lair:3: 1389 daAuts
  Lair:2: 1372 daAuts
  Lair:6: 1372 daAuts
     D:6: 1313 daAuts
  Lair:5: 1291 daAuts
  Lair:4: 1263 daAuts
     D:2: 1110 daAuts
  Lair:1: 1068 daAuts
     D:1: 983 daAuts
     D:4: 978 daAuts
     D:3: 959 daAuts
